 Dungeon Crawl Stone Soup version 0.27-a0-899-ge2d0b17c59 (webtiles) character file.

Game seed: 1502094925793387119

100 robertstho the Sneak (level 4, -2/30 HPs)
             Began as an Octopode Brigand on Apr 5, 2021.
             Slain by a killer bee (3 damage)
             ... on level 3 of the Dungeon.
             The game lasted 00:02:18 (2503 turns).

robertstho the Sneak (Octopode Brigand)             Turns: 2503, Time: 00:02:18

Health: -2/30      AC:  1    Str: 11    XL:     4   Next: 74%
Magic:  4/4        EV: 13    Int: 13    God:
Gold:   79         SH:  0    Dex: 13    Spells: 3/3 levels left

rFire    . . .     SeeInvis .   a - +2 dagger
rCold    . . .     Faith    .   (no shield)
rNeg     . . .     Spirit   .   (helmet restricted)
rPois    .         Reflect  .   (no amulet)
rElec    .         Harm     .   (no ring)
rCorr    .         Rampage  .   (no ring)
Will     .....                  (no ring)
Stlth    ++++......             (no ring)
HPRegen  0.10/turn              (no ring)
MPRegen  0.09/turn              (no ring)
                                (no ring)
                                (no ring)

@: lethally poisoned (-2 -> -15)
A: almost no armour, amphibious, 8 rings, camouflage 1, gelatinous body 1,
(nimble swimmer 1), tentacles
a: no special abilities


You were on level 3 of the Dungeon.
You visited 1 branch of the dungeon, and saw 4 of its levels.

You collected 151 gold pieces.
You spent 72 gold pieces at shops.

Inventory:

Hand Weapons
 a - a +2 dagger (weapon)
Missiles
 b - 13 poisoned darts (quivered)
 c - 2 curare-tipped darts
Wands
 i - a wand of acid (8)
 l - a wand of flame (16)
Scrolls
 d - a scroll of vulnerability {unknown}
 f - 4 scrolls of identify {unknown}
 g - a scroll of teleportation {unknown}
 h - a scroll of fog {unknown}
Potions
 e - a potion of lignification {unknown}
 j - a potion of curing
 k - a potion of flight
 m - a potion of resistance {unknown}


   Skills:
 * Level 2.6 Fighting
 + Level 2.2 Short Blades
 + Level 2.0 Throwing
 * Level 1.5 Dodging
 * Level 7.4 Stealth


You had 3 spell levels left.
You didn't know any spells.
Your spell library contained the following spells:

 Spells                   Type           Power      Damage    Failure   Level
 Animate Skeleton         Necr           0%         N/A       30%         1
 Apportation              Tloc           0%         N/A       30%         1
 Corona                   Hex            0%         N/A       30%         1
 Summon Small Mammal      Summ           0%         N/A       30%         1


Dungeon Overview and Level Annotations

Branches:
Dungeon (4/15)
 Temple: D:4-7

Altars:
Sif Muna
Xom
Zin

Shops:
D:3 !


Innate Abilities, Weirdness & Mutations

You cannot wear most types of armour.
You are amphibious.
You can wear up to eight rings at the same time.
Your skin changes colour to match your surroundings (Stealth+).
Your rubbery body absorbs attacks. (AC +1, EV +1)
((You are camouflaged near water. (Stealth+)))
You have tentacles for arms and can constrict up to eight enemies at once.


Message History

No target in view!
No target in view!
No target in view!
No target in view!
No target in view!
No target in view!
No target in view!
No target in view!
No target in view!
A ball python comes into view.
A ball python is nearby!
A ball python is nearby!
A ball python is nearby!
A ball python is nearby! 3 killer bees come into view.
The ball python hisses angrily.
The killer bee buzzes angrily.
A killer bee comes into view. x2
You hear an angry buzzing noise.
The killer bee buzzes angrily.
A killer bee comes into view.
The ball python bites you. The ball python grabs you.
The ball python constricts you.
You hit the ball python. Your grab misses the ball python.
You squeeze the ball python.
You kill the ball python!
You barely miss the killer bee. Your grab misses the killer bee.
The killer bee stings you. x2
You are poisoned.
The killer bee poisons you! The killer bee stings you!
The killer bee stings you.
* * * LOW HITPOINT WARNING * * *
You are more poisoned.
The killer bee poisons you!
* * * LOW HITPOINT WARNING * * *
You feel very sick. The killer bee misses you.
* * * LOW HITPOINT WARNING * * *
You feel very sick. The killer bee stings you.
You die...

... #............#....
##.. .........)>..#..##
..... #......#..........
##.#.####......#..........
........#......#..†..#.###
......†y+.................
#.#..yy#.................
+...y..yy........#........
##.#.####@##....##...#...#
# #..............#...#
#.#.##....##.......#
.....##....##.......#
#.#.##.#.##..............
#.#.##.#.##.....#.....#.#
#.#.##.#.##.....#.....#.#
#.#......................
#.#.##.#.##....##.....#.#


You could see 6 killer bees.

Vanquished Creatures
  2 adders (D:3)
  2 worms
  2 dart slugs (D:3)
  3 orcs
  6 bats
  2 endoplasms
  2 giant cockroaches (D:1)
  3 goblins
  6 hobgoblins
  10 jackals
  2 quokkas
  7 ball pythons
  7 frilled lizards
  7 kobolds
  8 rats
69 creatures vanquished.

Vanquished Creatures (others)
  A plant (D:4)
1 creature vanquished.

Grand Total: 70 creatures vanquished

Notes
Turn   | Place    | Note
-------+----------+-------------------------------------------
     0 | D:1      | robertstho the Octopode Brigand began the quest for the
                  | Orb.
     0 | D:1      | Reached XP level 1. HP: 14/14 MP: 1/1
   217 | D:1      | Reached XP level 2. HP: 19/19 MP: 2/2
   400 | D:1      | Reached skill level 6 in Stealth
   754 | D:1      | Reached XP level 3. HP: 23/24 MP: 3/3
   815 | D:1      | Found a faded altar of an unknown god.
  1665 | D:2      | You fall into a shaft and drop 2 floors!
  1768 | D:4      | Found a glowing silver altar of Zin.
  1768 | D:4      | Found a shimmering altar of Xom.
  1768 | D:4      | Noticed an angel
  1777 | D:4      | Reached XP level 4. HP: 26/30 MP: 4/4
  1843 | D:4      | Reached skill level 7 in Stealth
  1894 | D:4      | Noticed a necrophage
  2115 | D:3      | Found Gics's Distillery.
  2119 | D:3      | Bought a potion of curing for 36 gold pieces
  2119 | D:3      | Bought a potion of flight for 36 gold pieces
  2235 | D:3      | Found a shimmering blue altar of Sif Muna.
  2503 | D:3      | HP: 1/30 [poisoned by a killer bee]
  2503 | D:3      | Slain by a killer bee

Illustrated notes

Levels and vault maps discovered:
D:1:      heliophobic_arrival_enchanted_forest, layout_loops_corners,
          basic_ecumenical_altar
D:2:      layout_loops_corners, grunt_decor_junction, minmay_misc_feat_x,
          uniq_terence
D:3:      layout_basic, gammafunk_temple_overflow_elements,
          nicolae_overflow_crystal_walls, serial_shops, shop
D:4:      kennysheep_kobold_camp, layout_basic,
          grunt_temple_overflow_order_and_chaos_1, kennysheep_generic_room_10

Skill      XL: |  1  2  3  4 |
---------------+-------------+-----
Stealth        | 6 7 |  7.4
Fighting       | |  2.6
Short Blades   | |  2.2
Throwing       | |  2.0
Dodging        | |  1.5

Action                   |  1- 3 |  4- 6 || total
-------------------------+-------+-------++-------
Melee: Dagger            |    72 |    54 ||   126
       Constrict         |    12 |    12 ||    24
       Tentacles         |     9 |    10 ||    19
 Stab: Sleeping          |    22 |     3 ||    25
Armor: Skin              |     8 |     3 ||    11
Dodge: Dodged            |    19 |    28 ||    47

Table legend: (Time is in decaauts)
 A = Elapsed time spent in this place.
 B = Non-inter-level travel time spent in this place.
 C = Inter-level travel time spent in this place.
 D = Time resting spent in this place.
 E = Time spent auto-exploring this place.
 F = Levels seen in this place.
 G = Mean time per level.
                   A        B        C        D        E       F      G
               +--------+--------+--------+--------+--------+-----+--------+
         Total |   2489 |   2432 |     57 |    146 |   1897 |   4 |  622.2 |
       Dungeon |   2489 |   2432 |     57 |    146 |   1897 |   4 |  622.2 |
               +--------+--------+--------+--------+--------+-----+--------+

Top non-repeatable levels by time:
     D:1: 1011 daAuts
     D:2: 647 daAuts
     D:3: 582 daAuts
     D:4: 248 daAuts
